 Dungeon Crawl Stone Soup version 0.27.1 (webtiles) character file.

Game seed: 17344816522839435863

16335 Destapler the Cleaver (level 12, -1/104 HPs)
             Began as a Palentonga Hedge Wizard on Aug 29, 2021.
             Was an Initiate of Ashenzari.
             Killed from afar by Azrael (23 damage)
             ... with a bolt of fire
             ... on level 12 of the Dungeon.
             The game lasted 00:45:48 (12381 turns).

Destapler the Cleaver (Palentonga Hedge Wizard)    Turns: 12381, Time: 00:45:48

Health: -1/104     AC: 26    Str: 23    XL:     12   Next: 9%
Magic:  17/19      EV: 16    Int: 14    God:    Ashenzari [......]
Gold:   716        SH:  0    Dex: 18    Spells: 18/21 levels left

rFire    . . .     SeeInvis +   a - +7 war axe "Share My Gloom" {protect, rElec rC- Int-3 Dex+7, Cun, Self} (curse)
rCold    x . .     Faith    .   (no shield)
rNeg     . . .     Spirit   .   C - +0 leather armour {Will+}
rPois    .         Reflect  .   c - +0 hat
rElec    +         Harm     .   d - +0 cloak
rCorr    .         Rampage  .   (no gloves)
Will     +....                  q - +2 barding
Stlth    ++........             (no amulet)
HPRegen  0.27/turn              e - +4 ring of evasion
MPRegen  0.16/turn              W - +6 ring of strength

@: mighty, unable to read, under a protective aura, very slightly contaminated,
hasted, invisible, curled up, very quick
A: large, rugged brown scales 3, see invisible, deformed body, roll 1, armoured
tail, reflexive curl, strong 1, inability to read while threatened
a: Rolling Charge, Renounce Religion, Curse Item, Shatter the Chains


You were on level 12 of the Dungeon.
You worshipped Ashenzari.
Ashenzari was noncommittal.
You visited 1 branch of the dungeon, and saw 12 of its levels.

You collected 716 gold pieces.

Inventory:

Hand Weapons
 a - the cursed +7 war axe "Share My Gloom" (weapon) {protect, rElec rC- Int-3 Dex+7, Cun, Self}
   (You found it on level 4 of the Dungeon)

   It grants its wielder temporary protection when it strikes (+7 to AC).
   Int:       It affects your intelligence (-3).
   Dex:       It affects your dexterity (+7).
   rC:        It makes you vulnerable to cold.
   rElec:     It insulates you from electricity.
   It has a curse which improves the following skills: Cunning: Dodging and
   Stealth.
   Introspection: Fighting and Spellcasting.
 k - a +1 short sword of speed
 s - a +0 dagger
 D - a +1 whip of electrocution
 I - the +8 mace of Moral Flaws {venom, rC- rN+++ rCorr Stlth+}
   (You found it on level 6 of the Dungeon)

   It poisons the flesh of those it strikes.
   rC:        It makes you vulnerable to cold.
   rN:        It renders you almost immune to negative energy.
   rCorr:     It protects you from acid and corrosion.
   Stlth:     It makes you more stealthy.
 N - a +1 scimitar of flaming
Missiles
 i - 29 boomerangs
 j - 7 curare-tipped darts
 F - 36 poisoned darts
Armour
 b - a +0 robe
 c - a +0 hat (worn)
 d - a +0 cloak (worn)
 q - a +2 barding (worn)
 C - a +0 leather armour of willpower (worn)
 R - the +0 robe "Nubesh" {Will+ Str-4 Dex+7 Archmagi}
   (You found it on level 9 of the Dungeon)

   Str:       It affects your strength (-4).
   Dex:       It affects your dexterity (+7).
   Archmagi:  It increases the power of your magical spells.
   Will:      It increases your willpower.
 T - a +0 kite shield
Jewellery
 e - a +4 ring of evasion (left hand)
 g - a +6 ring of intelligence
 m - a +6 ring of strength
 n - a ring of resist corrosion
 u - a ring of protection from cold
 y - a +4 ring of protection
 U - a ring of poison resistance
 W - a +6 ring of strength (right hand)
Wands
 v - a wand of charming (7)
 z - a wand of paralysis (17)
 B - a wand of polymorph (21)
 J - a wand of flame (12)
 P - a wand of mindburst (28)
 Y - a wand of iceblast (6)
Scrolls
 o - 3 scrolls of vulnerability
 p - 4 scrolls of blinking
 w - 3 scrolls of immolation
 A - a scroll of enchant weapon
 E - a scroll of fog
 K - 2 scrolls of teleportation
 L - a scroll of enchant armour
 O - a scroll of torment
 V - a scroll of fear
Potions
 f - 3 potions of brilliance
 l - a potion of haste
 r - 2 potions of mutation
 t - a potion of cancellation
 x - 2 potions of attraction
 H - 4 potions of curing
 M - a potion of lignification
 Q - a potion of ambrosia
 S - a potion of flight


   Skills:
 + Level 9.9(10.4) Fighting
 * Level 12.9 Axes
 - Level 3.0 Armour
 + Level 7.2(7.8) Dodging
 - Level 2.5(3.0) Stealth
 * Level 0.5 Shields
 - Level 4.6(5.1) Spellcasting
 - Level 0.9 Conjurations
 - Level 0.8 Summonings
 - Level 3.0 Translocations
 * Level 0.6 Evocations


You had 18 spell levels left.
You knew the following spells:

 Your Spells              Type           Power      Damage    Failure   Level
a - Magic Dart            Conj           24%        1d4       14%         1
B - Blink                 Tloc           N/A        N/A       9%          2

Your spell library contained the following spells:

 Spells                   Type           Power      Damage    Failure   Level
 Animate Skeleton         Necr           6%         N/A       21%         1
 Pain                     Necr           12%        1d4       21%         1
 Call Imp                 Summ           5%         N/A       22%         2
 Static Discharge         Conj/Air       4%         N/A       26%         2
 Slow                     Hex            3%         N/A       30%         2
 Conjure Flame            Conj/Fire      4%         6-21      45%         3
 Mephitic Cloud           Conj/Pois/Air  4%         N/A       45%         3
 Confusing Touch          Hex            3%         N/A       52%         3
 Vampiric Draining        Necr           1%         2d6       52%         3
 Manifold Assault         Tloc           11%        N/A       85%         5
 Sticky Flame             Conj/Fire      4%         2d3       86%         4
 Summon Lightning Spire   Summ/Air       4%         N/A       86%         4
 Airstrike                Air            1%         N/A       89%         4
 Dispel Undead            Necr           3%         3d7       89%         4
 Lightning Bolt           Conj/Air       2%         1d13      99%         5
 Yara's Violent Unravell  Hex/Tmut       1%         3d3       99%         5
 Storm Form               Tmut/Air       1%         N/A       100%        7


Dungeon Overview and Level Annotations

Branches:
Dungeon (12/15)            Temple (0/1) D:4            Lair (0/6) D:10
    Orc (0/2) D:11

Altars:
Ashenzari
Fedhas
Hepliaklqana
Nemelex Xobeh
Ru
Sif Muna
Trog
Vehumet
Wu Jian
Xom
The Shining One

Annotations:
D:12 Azrael


Innate Abilities, Weirdness & Mutations

You are completely covered in rugged brown scales. (AC +3, +7% HP)
You have supernaturally acute eyesight. (SInv)
Armour fits poorly on your strangely shaped body.
You can roll at nearby foes to attack.
You have a long armoured tail.
You curl defensively after being hit.
Your muscles are strong. (Str +2)
You sometimes lose the ability to read scrolls when taking damage.


Message History

The fire elemental closely misses you.
Azrael hits you with a +3 scimitar of flaming!!
* * * LOW HITPOINT WARNING * * *
Azrael burns you!
* * * LOW HITPOINT WARNING * * *
The tengu warrior hits you with a +0 war axe.
* * * LOW HITPOINT WARNING * * *
The tengu warrior pecks you.
* * * LOW HITPOINT WARNING * * *
The tengu warrior barely misses you.
The hell hound bites you but does no damage.
The hell hound bites you!
* * * LOW HITPOINT WARNING * * *
The hell hound barely misses you.
You are very lightly contaminated with residual magic.
Casting: Blink (safe; 9% risk of failure)
Confirm with . or Enter, or press ? or * to list all spells.
You blink.
Found a stone staircase leading up.
Azrael grins and asks, "Are you feeling hot?"
Found 9 gold pieces.
The hell hound breathes flames at you. The blast of flame misses you.
There is a stone staircase leading up here.
You roll forward with a clatter of scales!
You slice the hell hound!!
Your weapon exudes an aura of protection.
The hell hound is almost dead.
The hell hound completely misses you.
There is a stone staircase leading up here.
You slash the hell hound!
You kill the hell hound!
You roll forward with a clatter of scales!
A cyan ugly thing comes into view.
You slice the hell hound!!
You kill the hell hound!
You closely miss the hell hound. Azrael gestures at you.
The bolt of fire hits the hell hound.
The hell hound completely resists.
The bolt of fire hits you!!
You die...

.......# ....
......###....○.○E.....
#........$......○.....
#...............○.....
.###.....................
..............u....○..###
..............# #..°.####
.......○@.....# #..○.####
.........h....###..○.####
...............O.○○...###
.###.........R°.°°○......
#...^..Q.E..°○EO....}.
#.........°..☼°......#
.......###.°...........
........# #..○..........
........# #.............


You could see Azrael, a cyan ugly thing (wandering), a tengu warrior
(wandering), a two-headed ogre, a fire elemental (wandering) and a hell hound
(catching breath).

Vanquished Creatures
  Josephine (D:11)
  A fire dragon (D:11)
  Erica (D:8)
  3 two-headed ogres (D:11)
  The ghost of RepoMan the Grappler, a novice PaTm (D:7)
  Nergalle (D:10)
  Pikel (D:6)
  2 cyclopes
  2 manticores
  A moth of wrath (D:7)
  Maurice (D:10)
  A troll (D:11)
  A hornet (D:10)
  2 wyverns
  5 wraiths (D:11)
  2 vampires
  11 yaks
  2 steam dragons
  An acid dragon (D:8)
  8 water moccasins
  2 hell hounds (D:12)
  3 orc warriors
  A swamp drake (D:11)
  5 black bears
  An ice beast (D:7)
  A sky beast (D:8)
  5 centaurs
  A phantom (D:5)
  2 kobold brigands
  8 bullfrogs
  A scorpion (D:5)
  A water moccasin zombie (D:5)
  3 wyvern zombies
  A water moccasin skeleton (D:5)
  6 killer bees (D:10)
  4 wights (D:9)
  A howler monkey (D:11)
  2 centaur zombies
  3 hounds
  2 jellies
  Crazy Yiuf (D:6)
  6 orc priests
  A centaur skeleton (D:4)
  4 orc wizards
  3 iguanas
  4 killer bee zombies
  A hound skeleton (D:4)
  2 howler monkey zombies
  4 gnolls
  9 adders
  2 shadow imps
  An ufetubus (D:4)
  2 adder skeletons
  A worm (D:1)
  27 orcs
  6 ball pythons
  6 bats
  8 endoplasms
  4 giant cockroaches
  4 goblins
  10 hobgoblins
  7 jackals
  7 quokkas
  8 frilled lizards
  33 kobolds
  6 rats
268 creatures vanquished.

Vanquished Creatures (others)
  A kobold brigand (D:8)
  2 kobolds (D:8)
  59 fungi (D:10)
  90 plants
152 creatures vanquished.

Grand Total: 420 creatures vanquished

Notes
Turn   | Place    | Note
-------+----------+-------------------------------------------
     0 | D:1      | Destapler the Palentonga Hedge Wizard began the quest for
                  | the Orb.
     0 | D:1      | Reached XP level 1. HP: 13/13 MP: 4/4
   201 | D:1      | Reached skill level 1 in Fighting
   201 | D:1      | Reached XP level 2. HP: 21/22 MP: 4/6
   206 | D:1      | Learned a level 2 spell: Blink
  1101 | D:1      | Reached XP level 3. HP: 28/28 MP: 2/7
  1818 | D:2      | Reached XP level 4. HP: 36/36 MP: 3/8
  1935 | D:3      | Gained mutation: Your muscles are strong. (Str +2) [potion
                  | of mutation]
  1935 | D:3      | Gained mutation: You tend to lose your temper in combat.
                  | [potion of mutation]
  1935 | D:3      | Gained mutation: You sometimes lose the ability to read
                  | scrolls when taking damage. [potion of mutation]
  1935 | D:3      | Lost mutation: You tend to lose your temper in combat.
                  | [potion of mutation]
  2074 | D:3      | Found a faded altar of an unknown god.
  2087 | D:3      | Became a worshipper of Ashenzari the Shackled
  2155 | D:3      | Found a blossoming altar of Fedhas.
  2618 | D:3      | Found a radiant altar of Vehumet.
  3060 | D:4      | Identified the +7 war axe "Utammac" {protect, rElec rC-
                  | Int-3 Dex+7}
  3084 | D:4      | Reached XP level 5. HP: 43/43 MP: 9/9
  3309 | D:4      | Reached skill level 1 in Armour
  3342 | D:4      | Reached skill level 1 in Axes
  3422 | D:4      | Found a staircase to the Ecumenical Temple.
  3480 | D:4      | Reached skill level 2 in Axes
  3480 | D:4      | Reached XP level 6. HP: 36/51 MP: 11/11
  3590 | D:4      | Found a hazy altar of Hepliaklqana.
  3590 | D:4      | Found a sparkling altar of Nemelex Xobeh.
  3590 | D:4      | Found a bloodstained altar of Trog.
  3921 | D:5      | Entered Level 5 of the Dungeon
  3957 | D:5      | Reached skill level 3 in Axes
  4041 | D:5      | Gained mutation: You curl defensively after being hit.
                  | [Palentonga growth]
  4041 | D:5      | Reached XP level 7. HP: 56/58 MP: 12/12
  4124 | D:5      | Found a shimmering altar of Xom.
  4271 | D:5      | Reached skill level 4 in Axes
  4767 | D:6      | Noticed Pikel
  4767 | D:6      | Found an ornate altar of the Wu Jian Council.
  4776 | D:6      | Killed Pikel
  4777 | D:6      | Reached skill level 5 in Fighting
  4777 | D:6      | Reached skill level 6 in Axes
  4777 | D:6      | Reached XP level 8. HP: 66/68 MP: 13/13
  4907 | D:6      | Reached skill level 7 in Axes
  4954 | D:6      | Found a runed translucent door.
  4954 | D:6      | Identified the +8 mace of Moral Flaws {venom, rC- rN+++
                  | rCorr Stlth+}
  4955 | D:6      | Noticed Crazy Yiuf
  4961 | D:6      | Killed Crazy Yiuf
  5293 | D:6      | Found a shimmering blue altar of Sif Muna.
  5701 | D:7      | Reached XP level 9. HP: 72/75 MP: 14/14
  6047 | D:7      | Found a transporter.
  6054 | D:7      | Noticed a moth of wrath
  6069 | D:7      | Found a transporter.
  6085 | D:7      | Noticed RepoMan's ghost (novice PaTm)
  6124 | D:7      | Reached skill level 8 in Axes
  6128 | D:7      | Killed a moth of wrath
  6129 | D:7      | Killed RepoMan's ghost
  6481 | D:7      | Noticed a manticore
  6487 | D:7      | Killed a manticore
  6488 | D:7      | Reached skill level 9 in Axes
  6488 | D:7      | Reached XP level 10. HP: 58/84 MP: 17/17
  6666 | D:8      | Noticed a cyclops
  6682 | D:8      | Killed a cyclops
  6847 | D:8      | Found a broken altar of Ashenzari.
  6987 | D:8      | Noticed Erica
  6993 | D:8      | Killed Erica
  6994 | D:8      | Reached skill level 10 in Axes
  7604 | D:9      | Reached skill level 5 in Dodging
  8288 | D:9      | Identified the +0 robe "Nubesh" {Will+ Str-4 Dex+7
                  | Archmagi}
  8676 | D:10     | Entered Level 10 of the Dungeon
  8739 | D:10     | Noticed Nergalle
  8742 | D:10     | Paralysed by a hornet for 1 turns
  8751 | D:10     | Killed Nergalle
  8800 | D:10     | Reached skill level 11 in Axes
  8831 | D:10     | Noticed Maurice
  8839 | D:10     | Killed Maurice
  8840 | D:10     | Reached XP level 11. HP: 44/95 MP: 18/18
  9453 | D:10     | Found a staircase to the Lair.
  9845 | D:10     | Found a glowing golden altar of the Shining One.
 10206 | D:11     | Noticed a two-headed ogre
 10211 | D:11     | Killed a two-headed ogre
 10493 | D:11     | Noticed Josephine
 10501 | D:11     | Reached skill level 12 in Axes
 10510 | D:11     | Killed Josephine
 10702 | D:11     | Noticed a two-headed ogre
 10710 | D:11     | Killed a two-headed ogre
 10961 | D:11     | Noticed a two-headed ogre
 10969 | D:11     | Killed a two-headed ogre
 11397 | D:11     | Found a sacrificial altar of Ru.
 11431 | D:11     | Noticed a five-headed hydra
 11432 | D:11     | Noticed a fire dragon
 11432 | D:11     | a five-headed hydra changed into a fire dragon
 11438 | D:11     | Killed a fire dragon
 11439 | D:11     | Reached XP level 12. HP: 43/104 MP: 14/19
 12183 | D:11     | Found a staircase to the Orcish Mines.
 12351 | D:12     | Noticed a two-headed ogre
 12355 | D:12     | Noticed Azrael
 12357 | D:12     | Noticed a tengu warrior
 12381 | D:12     | Killed from afar by Azrael

Illustrated notes

Levels and vault maps discovered:
D:1:      ncdulo_halloftheorcs, layout_loops_cross, serial_park_tiny_1
D:2:      layout_rooms
D:3:      layout_basic, fedhas_ov_isle_minmay, marbit_many_paths,
          gup_sewer_entry_spiral, dreamdust_ecumenical_altar_grove
D:4:      layout_gridville, gammafunk_temple_overflow_claw,
          minmay_temple_entry_mini_moons, minmay_misc_feat_pillars
D:5:      layout_loops_ring, dk_xom_monty_hall, sigmund_army
D:6:      kennysheep_kobold_camp, layout_rooms, mainiacjoe_overflow_brackets,
          nicolae_overflow_crystal_walls, chequers_garden, uniq_pikel,
          uniq_crazy_yiuf_cottage
D:7:      layout_gridville, gammafunk_ghost_berserking_beasts
D:8:      layout_basic, cheibrodos_ashenzari_chains, grunt_ministairs_15,
          uniq_erica
D:9:      layout_irregular_city
D:10:     layout_basic, general_overflow_altar, due_lair_maze_entry_diamond,
          uniq_maurice, uniq_nergalle
D:11:     layout_irregular_city, erik_orc_1,
          nicolae_ru_great_annihilating_truth, uniq_josephine
D:12:     layout_big_octagon, uniq_azrael

Skill      XL: |  1  2  3  4  5  6  7  8  9 10 11 |
---------------+----------------------------------+-----
Fighting       | 1 2 3 4 5 6 7 8 9 |  9.9
Translocations | 2 3 |  3.0
Dodging        | 2 4 5 7 |  7.2
Armour         | 1 2 3 |  3.0
Axes           | 2 3 6 7 9 11 12 | 12.9
Stealth        | 2 |  2.5
Spellcasting   | 4 |  4.6
Shields        | |  0.5
Conjurations   | |  0.9
Summonings     | |  0.8
Evocations     | |  0.6

Action                   |  1- 3 |  4- 6 |  7- 9 | 10-12 || total
-------------------------+-------+-------+-------+-------++-------
Melee: Dagger            |    61 |       |       |       ||    61
       Tailslap          |    20 |    16 |    25 |    58 ||   119
       Short sword       |    85 |    63 |       |       ||   148
       War axe           |       |    56 |   178 |   328 ||   562
Throw: Boomerang         |       |     2 |       |     1 ||     3
       Dart              |       |       |     1 |       ||     1
 Cast: Magic Dart        |    10 |     1 |       |       ||    11
       Blink             |     6 |    17 |     1 |    22 ||    46
Invok: Curse Item        |       |     1 |       |       ||     1
 Abil: Rolling Charge    |    39 |    43 |    38 |    99 ||   219
Evoke: Wand              |       |       |       |     2 ||     2
  Use: Scroll            |       |     4 |       |     1 ||     5
       Potion            |       |     1 |     3 |     7 ||    11
 Stab: Sleeping          |       |       |     1 |     2 ||     3
       Invisible         |       |       |       |     2 ||     2
       Paralysed         |       |       |       |     1 ||     1
Armor: Robe              |    45 |    69 |    31 |       ||   145
       Leather armour    |       |       |    72 |   233 ||   305
Dodge: Dodged            |    67 |    38 |    63 |   231 ||   399
